 Dungeon Crawl Stone Soup version 0.28-a0-1524-ge72afd5fc6 (webtiles) character file.

Game seed: 4488905837859273975

1569 bastard the Slinger (level 8, -1/37 HPs)
             Began as a Spriggan Hunter on Jan 18, 2022.
             Slain by an ice beast (9 damage)
             ... on level 6 of the Dungeon.
             The game lasted 00:10:37 (6256 turns).

bastard the Slinger (Spriggan Hunter)               Turns: 6256, Time: 00:10:38

Health: -1/37      AC:  3    Str:  8    XL:     8   Next: 59%
Magic:  9/9        EV: 22    Int: 13    God:
Gold:   265        SH:  0    Dex: 17    Spells: 2/7 levels left

rFire   . . .      SeeInvis +   b - +1 short sword (elec)
rCold   . . .      Faith    .   (no shield)
rNeg    . . .      Spirit   .   c - +0 robe
rPois   .          Reflect  .   (helmet restricted)
rElec   .          Harm     .   g - +0 cloak
rCorr   .          Rampage  .   (gloves unavailable)
Will    +....                   (boots unavailable)
Stlth   ++........              (no amulet)
HPRegen 0.12/turn               (no ring)
MPRegen 0.11/turn               (no ring)

@: very quick
A: very small, no large weapons, unfitting armour, see invisible, speed 3
a: no special abilities


You were on level 6 of the Dungeon.
You visited 1 branch of the dungeon, and saw 6 of its levels.

You collected 265 gold pieces.

Inventory:

Hand Weapons
 a - a +2 vorpal hunting sling
 b - a +1 short sword of electrocution (weapon)
Missiles
 d - 25 sling bullets
 e - 104 stones (quivered)
 m - a throwing net
Armour
 c - a +0 robe (worn)
 g - a +0 cloak (worn)
Jewellery
 i - a ring of flight
 j - a ring of flight
 l - an amulet of reflection
Scrolls
 u - a scroll of teleportation
Potions
 f - 3 potions of lignification
 h - 2 potions of mutation {unknown}
 k - a potion of ambrosia
 n - 2 potions of degeneration {unknown}
 o - a potion of might {unknown}
 p - a potion of heal wounds
 q - 2 potions of resistance
 r - a potion of flight {unknown}
 s - a potion of curing {unknown}
 t - a potion of attraction {unknown}
 v - a potion of cancellation {unknown}


   Skills:
 - Level 1.5 Fighting
 - Level 12.0 Slings
 + Level 7.9 Dodging
 - Level 1.5 Stealth


You had 2 spell levels left.
You knew the following spells:

 Your Spells              Type           Power      Damage    Failure   Level
a - Slow                  Hex            0%         N/A       30%         1
b - Apportation           Tloc           0%         N/A       30%         1
c - Portal Projectile     Hex/Tloc       0%         N/A       67%         3

Your spell library contained the following spells:

 Spells                   Type           Power      Damage    Failure   Level
 Confusing Touch          Hex            0%         N/A       67%         3
 Vampiric Draining        Necr           0%         2d6       67%         3
 Alistair's Intoxication  Tmut/Pois      0%         N/A       100%        5
 Blade Hands              Tmut           0%         N/A       100%        5
 Excruciating Wounds      Necr           0%         N/A       100%        5


Dungeon Overview and Level Annotations

Branches:
Dungeon (6/15)
 Temple: D:4-7

Altars:
Uskayaw

Annotations:
D:4 exclusion: downstairs
D:5 3 runed translucent doors, psuckher's ghost, weakling BaDe


Innate Abilities, Weirdness & Mutations

You are very small and have problems with some larger weapons.
You are too small for most types of armour.
You have supernaturally acute eyesight. (SInv)
You cover ground extremely quickly. (Speed+++)


Message History

You hit the ice beast.
The ice beast is lightly wounded.
The ice beast hits you. The ice beast freezes you!
You hit the ice beast but do no damage.
The ice beast is lightly wounded.
The ice beast misses you.
You hit the ice beast but do no damage.
The ice beast is lightly wounded.
The ice beast completely misses you.
You hit the ice beast.
The ice beast is lightly wounded.
The ice beast barely misses you.
You hit the ice beast but do no damage.
The ice beast is lightly wounded.
The ice beast completely misses you.
You hit the ice beast but do no damage.
The ice beast is lightly wounded.
The ice beast misses you.
Press: ? - help, v - describe, . - travel, g - get item
Here: an ice beast (lightly wounded) Item here: a scroll labelled DESTIAR GUNAANN.
The floor.
You hit the ice beast but do no damage.
Lightning courses through the ice beast!
The ice beast is heavily wounded.
The ice beast completely misses you. The ice beast closely misses you.
You completely miss the ice beast.
The ice beast is heavily wounded.
The ice beast completely misses you.
You barely miss the ice beast.
The ice beast is heavily wounded.
The ice beast hits you but does no damage.
The ice beast hits you. The ice beast freezes you!
* * * LOW HITPOINT WARNING * * *
You barely miss the ice beast.
The ice beast is heavily wounded.
The ice beast hits you.
* * * LOW HITPOINT WARNING * * *
The ice beast freezes you!
You die...

#.# #^# #. #.##.# #.#
###†### # #.##.# #.#
#>....# #.##.# #.#
#.....# .....# #.#
#.....# #.#### #.#
#.....#
#.#####.....######
#......).#####.Y.#
#..#####.# ###@#.#
#..#####.###...#.?..#
#..##........#####..#
#..#...#.###...# ..#
#.....[..# ###.# .#
#........# ... .#
###.....## .... #
##...## #### ##.##


You could see an ice beast.

Vanquished Creatures
  A wyvern (D:5)
  Duvessa (D:4)
  2 black bears (D:5)
  2 ogres (D:5)
  2 phantoms
  Dowan (D:5)
  A howler monkey (D:5)
  2 bullfrog zombies
  A centaur zombie (D:5)
  A bullfrog skeleton (D:5)
  3 orc priests (D:5)
  A gnoll shaman (D:5)
  3 hounds
  2 jellies
  An iguana (D:5)
  Ijyb (D:3)
  2 orc wizards (D:5)
  9 gnolls
  7 adders
  An adder skeleton (D:4)
  2 worms (D:3)
  2 dart slugs
  5 orcs
  5 endoplasms
  6 giant cockroaches
  7 goblins
  7 hobgoblins
  4 jackals
  7 kobolds
  A quokka (D:5)
  7 ball pythons
  6 bats
  2 frilled lizards (D:1)
  6 rats
111 creatures vanquished.

Notes
Turn   | Place    | Note
-------+----------+-------------------------------------------
     0 | D:1      | bastard the Spriggan Hunter began the quest for the Orb.
     0 | D:1      | Reached XP level 1. HP: 10/10 MP: 2/2
    18 | D:1      | Reached skill level 5 in Slings
    97 | D:1      | Reached XP level 2. HP: 8/14 MP: 3/3
   390 | D:1      | Found a faded altar of an unknown god.
   463 | D:1      | Reached skill level 6 in Slings
   577 | D:1      | Reached XP level 3. HP: 18/18 MP: 4/4
  1135 | D:2      | Reached XP level 4. HP: 19/22 MP: 5/5
  1383 | D:2      | Reached skill level 7 in Slings
  1485 | D:2      | Found a hide-covered altar of Uskayaw.
  1901 | D:3      | Noticed Ijyb
  1989 | D:3      | Killed Ijyb
  1990 | D:3      | Reached XP level 5. HP: 9/25 MP: 6/6
  2897 | D:4      | Reached skill level 8 in Slings
  3011 | D:4      | Noticed a phantom
  3028 | D:4      | Killed a phantom
  3029 | D:4      | Reached XP level 6. HP: 24/30 MP: 7/7
  3301 | D:4      | Reached skill level 9 in Slings
  3396 | D:4      | Learned a level 1 spell: Slow
  3442 | D:4      | Learned a level 1 spell: Apportation
  3642 | D:5      | Entered Level 5 of the Dungeon
  3710 | D:5      | Noticed a wyvern
  3722 | D:5      | Killed a wyvern
  3723 | D:5      | Reached skill level 10 in Slings
  3723 | D:5      | Reached XP level 7. HP: 29/33 MP: 8/8
  3896 | D:5      | Found a runed translucent gate.
  3896 | D:5      | Found a runed translucent gate.
  3896 | D:5      | Found a runed translucent gate.
  3896 | D:5      | Noticed psuckher's ghost (weakling BaDe)
  3928 | D:5      | Reached skill level 11 in Slings
  4532 | D:5      | Noticed Dowan
  4650 | D:5      | Killed Dowan
  4699 | D:5      | Noticed Duvessa
  5279 | D:5      | Reached skill level 12 in Slings
  5279 | D:5      | Reached XP level 8. HP: 37/37 MP: 9/9
  5474 | D:5      | Learned a level 3 spell: Portal Projectile
  5627 | D:4      | Killed Duvessa
  5628 | D:4      | Reached skill level 5 in Dodging
  6256 | D:6      | Slain by an ice beast

Illustrated notes

Levels and vault maps discovered:
D:1:      minmay_arrival_three_doors, layout_rooms, basic_ecumenical_altar
D:2:      minmay_chambers_of_ones, layout_rooms, basic_altar
D:3:      layout_loops_ring, kennysheep_generic_room_2, uniq_ijyb
D:4:      layout_basic, dk_noncrumbling_4
D:5:      layout_basic, ebering_ghost_rock_garden, uniq_duvessa
D:6:      layout_loops_cross, kennysheep_another_room

Skill      XL: |  1  2  3  4  5  6  7  8 |
---------------+-------------------------+-----
Slings         | 5 6 7 8 10 12 | 12.0
Dodging        | 3 7 |  7.9
Fighting       | |  1.5
Stealth        | |  1.5

Action                   |  1- 3 |  4- 6 |  7- 9 || total
-------------------------+-------+-------+-------++-------
Melee: Hunting sling     |       |     3 |       ||     3
       Short sword       |       |       |    24 ||    24
       Punch             |       |       |     1 ||     1
 Fire: Hunting sling     |   135 |   213 |   212 ||   560
 Cast: Slow              |       |     2 |       ||     2
  Use: Scroll            |     6 |     2 |     2 ||    10
       Potion            |       |     1 |       ||     1
 Stab: Sleeping          |       |       |     3 ||     3
Armor: Robe              |     3 |     7 |     5 ||    15
Dodge: Dodged            |    36 |    42 |    59 ||   137

Table legend: (Time is in decaauts)
 A = Elapsed time spent in this place.
 B = Non-inter-level travel time spent in this place.
 C = Inter-level travel time spent in this place.
 D = Time resting spent in this place.
 E = Time spent auto-exploring this place.
 F = Levels seen in this place.
 G = Mean time per level.
                   A        B        C        D        E       F      G
               +--------+--------+--------+--------+--------+-----+--------+
         Total |   4805 |   4683 |    122 |      0 |   3695 |   6 |  800.8 |
       Dungeon |   4805 |   4683 |    122 |      0 |   3695 |   6 |  800.8 |
               +--------+--------+--------+--------+--------+-----+--------+

Top non-repeatable levels by time:
     D:4: 1282 daAuts
     D:5: 1242 daAuts
     D:3: 982 daAuts
     D:1: 672 daAuts
     D:2: 493 daAuts
     D:6: 131 daAuts
